 Dungeon Crawl Stone Soup version 0.21.1-1-g345015f (webtiles) character file.

214 Labyrinth the Shield-Bearer (level 5, -1/47 HPs)
             Began as a Minotaur Fighter on July 25, 2018.
             Killed from afar by an orc wizard (8 damage)
             ... with a puff of flame
             ... on level 3 of the Dungeon.
             The game lasted 00:11:10 (1996 turns).

Labyrinth the Shield-Bearer (Minotaur Fighter)      Turns: 1996, Time: 00:11:11

Health: -1/47      AC: 12    Str: 19    XL:     5   Next: 59%
Magic:  4/4        EV:  4    Int:  5    God:
Gold:   155        SH:  9    Dex: 10    Spells: 4/4 levels left

rFire    . . .     SeeInvis .   i - +0 mace
rCold    . . .     Gourm    .   c - +0 shield
rNeg     . . .     Faith    .   j - +0 plate armour
rPois    .         Spirit   .   (helmet restricted)
rElec    .         Reflect  .   (no cloak)
rCorr    .         Harm     .   (no gloves)
MR       .....                  (no boots)
Stlth    ..........             (no amulet)
HPRegen  0.15/turn              p - -2 ring of strength (curse)
MPRegen  0.09/turn              (no ring)

@: slowed, very slow
A: retaliatory headbutt, horns 2
a: no special abilities


You were on level 3 of the Dungeon.
You were not hungry.

You visited 1 branch of the dungeon, and saw 3 of its levels.

You collected 155 gold pieces.

Inventory:

Hand Weapons
 a - a +0 trident
 e - a +0 hunting sling
 i - a +0 mace (weapon)
 y - a +1 dagger of electrocution
Missiles
 h - 30 poisoned needles
 k - 72 stones (quivered)
 l - 90 arrows
 t - 38 sling bullets
Armour
 b - a +0 scale mail
 c - a +0 shield (worn)
 j - a +0 plate armour (worn)
 w - a +2 ring mail of cold resistance
Jewellery
 p - a cursed -2 ring of strength (left hand)
Wands
 v - a wand of polymorph (7)
Scrolls
 n - a scroll of enchant armour
 o - a scroll of teleportation
 q - a scroll of blinking {unknown}
 r - 2 scrolls of amnesia {unknown}
 u - a scroll of fog {unknown}
 x - a scroll of remove curse {unknown}
 B - a scroll of immolation {unknown}
Potions
 d - a potion of might
 g - a potion of resistance {unknown}
 m - a potion of degeneration {unknown}
 z - a potion of brilliance {unknown}
 A - a potion of curing {unknown}
Comestibles
 f - 5 rations


   Skills:
 + Level 4.3 Fighting
 + Level 3.7 Maces & Flails
 + Level 2.8 Polearms
 + Level 0.3 Slings
 + Level 4.4 Armour
 + Level 1.1 Dodging
 + Level 0.8 Stealth
 + Level 4.6 Shields
 + Level 0.2 Unarmed Combat


You had 4 spell levels left.
You didn't know any spells.

Dungeon Overview and Level Annotations

Branches:
Dungeon (3/15)

Altars:
Gozag


Innate Abilities, Weirdness & Mutations

You reflexively headbutt those who attack you in melee.
You have a pair of horns on your head.


Message History

The magic dart hits you! Something hits you but does no damage.
The orc wizard points at you and mumbles some strange words.
The magic dart hits you!
You hit the orc wizard.
You kill the orc wizard!
Something hits you but does no damage.
The orc wizard gestures wildly while chanting.
The orc wizard blinks!
Something hits you but does no damage. x2
You hit something. You headbutt something.
You hear some strange, mumbled words.
A puff of flame appears from out of thin air!
The puff of flame hits you!
* * * LOW HITPOINT WARNING * * *
Something hits you but does no damage.
You miss something. You headbutt something.
Something hits you but does no damage.
You hear some strange, mumbled words.
A puff of flame appears from out of thin air!
The puff of flame hits you!
You die...

###.#####...#.......##
#......................
#####..........#.##......
...##...........<#.......
.#..##....###....#.......
.................#.......
..##.#.>#......###.o.....
..##...###......{#.......
.......######..)@[.......
..#..#.##......###(......
..........#....# ((...(.
..######.....#.# .......
..# ####..#.# ...(..(
..## #..#.###$......
...########.#....##......
.................# #.....
.#.....#####...[.#


You could see an orc wizard.

Vanquished Creatures
  Ijyb (D:3)
  2 orc wizards (D:3)
  4 adders (D:3)
  3 oozes
  4 worms
  A dart slug (D:1)
  5 leopard geckos
  5 orcs (D:3)
  3 ball pythons
  4 giant cockroaches
  9 goblins
  4 hobgoblins
  A quokka (D:3)
  5 bats
  6 frilled lizards
  7 kobolds
  5 rats
69 creatures vanquished.

Notes
Turn   | Place    | Note
-------+----------+-------------------------------------------
     0 | D:1      | Labyrinth the Minotaur Fighter began the quest for the Orb.
     0 | D:1      | Reached XP level 1. HP: 19/19 MP: 0/0
   264 | D:1      | Reached XP level 2. HP: 27/27 MP: 1/1
   776 | D:2      | Reached XP level 3. HP: 33/33 MP: 2/2
   810 | D:2      | Reached skill level 1 in Maces & Flails
  1450 | D:3      | Found an opulent altar of Gozag.
  1484 | D:3      | Reached XP level 4. HP: 32/40 MP: 3/3
  1571 | D:3      | Noticed Ijyb
  1600 | D:3      | Killed Ijyb
  1676 | D:3      | Reached XP level 5. HP: 36/46 MP: 4/4
  1740 | D:3      | Reached skill level 1 in Dodging
  1996 | D:3      | Killed from afar by an orc wizard

Skill      XL: |  1  2  3  4  5 |
---------------+----------------+-----
Armour         | 4 |  4.4
Shields        | 4 |  4.6
Fighting       | 4 |  4.3
Maces & Flails | 2 3 |  3.7
Dodging        | 1 |  1.1
Polearms       | |  2.8
Slings         | |  0.3
Stealth        | |  0.8
Unarmed Combat | |  0.2

Action                   |  1- 3 |  4- 6 || total
-------------------------+-------+-------++-------
Melee: Mace              |    91 |    94 ||   185
       Trident           |     4 |       ||     4
       Headbutt          |    13 |    15 ||    28
       Unarmed           |       |    18 ||    18
 Fire: Hunting sling     |     6 |     2 ||     8
Throw: Stone             |       |     9 ||     9
  Use: Scroll            |     2 |       ||     2
 Stab: Confused          |       |     5 ||     5
  Eat: Chunk             |     2 |     2 ||     4
Armor: Scale mail        |    12 |       ||    12
       Plate armour      |    61 |    48 ||   109
       Ring mail         |       |    23 ||    23
       Skin              |       |     1 ||     1
Dodge: Dodged            |    18 |    33 ||    51
Block: Shield            |    46 |    55 ||   101
